NCAA
KANSAS STATE WILDCATS @ CALIFORNIA GOLDEN BEARS
05/08/2025
 
TOP OF THE 1ST
Kansas State Wildcats batting - Pitching for California Golden Bears : RHP Charles Schneider
Pitching: RHP Charles Schneider
Batting: SHB Gus Rainbolt 0-0: Ball
1-0: Called Strike
1-1: Foul Ball, location: 2F
1-2: Ball
2-2: Strikes out looking
Batting: RHB Javier Sánchez 0-0: Ground out 3-1 (Groundball, 34S)
Batting: LHB Juan Cuervo 0-0: Foul Ball, location: 2F
0-1: Hit by Pitch
Batting: LHB José Rodríguez 0-0: Called Strike
0-1: Called Strike
0-2: Ground out 4-3 (Groundball, 4)
Top of the 1st over - 0 run(s), 0 hit(s), 0 error(s), 1 left on base; Kansas State 0 - California 0
BOTTOM OF THE 1ST
California Golden Bears batting - Pitching for Kansas State Wildcats : LHP Timothy Martin
Pitching: LHP Timothy Martin
Batting: LHB Kelsey Scott 0-0: Called Strike
0-1: Swinging Strike
0-2: Strikes out swinging
Batting: RHB Robin Dobson 0-0: Called Strike
0-1: Fly out, F7 (Flyball, 7D)
Batting: RHB Marv Shepard 0-0: Ground out 1-3 (Groundball, 13S)
Bottom of the 1st over - 0 run(s), 0 hit(s), 0 error(s), 0 left on base; Kansas State 0 - California 0
TOP OF THE 2ND
Kansas State Wildcats batting - Pitching for California Golden Bears : RHP Charles Schneider
Batting: RHB Bobby Hinkle 0-0: Foul Ball, location: 2F
0-1: Ball
1-1: Swinging Strike
1-2: Foul Ball, location: 2F
1-2: Strikes out swinging
Batting: RHB Salvador Castro 0-0: Ball
1-0: Ball
2-0: Foul Ball, location: 2F
2-1: Called Strike
2-2: Strikes out swinging
Batting: LHB Jim Knight 0-0: Fly out, F8 (Flyball, 8LM)
Top of the 2nd over - 0 run(s), 0 hit(s), 0 error(s), 0 left on base; Kansas State 0 - California 0
BOTTOM OF THE 2ND
California Golden Bears batting - Pitching for Kansas State Wildcats : LHP Timothy Martin
Batting: SHB Darrel Lang 0-0: Called Strike
0-1: Ball
1-1: Ball
2-1: Foul Ball, location: 2F
2-2: Ball
3-2: Strikes out looking
Batting: RHB Brandon Martin 0-0: Ball
1-0: Foul Ball, location: 2F
1-1: Foul Ball, location: 2F
1-2: Strikes out swinging
Batting: LHB Robbie Evison 0-0: Ball
1-0: Called Strike
1-1: SOLO HOME RUN (Flyball, 9LD), Distance : 314 ft
Batting: RHB Francis Land 0-0: Ball
1-0: Swinging Strike
1-1: Ball
2-1: Swinging Strike
2-2: Fly out, F9 (Flyball, 9M)
Bottom of the 2nd over - 1 run(s), 1 hit(s), 0 error(s), 0 left on base; Kansas State 0 - California 1
TOP OF THE 3RD
Kansas State Wildcats batting - Pitching for California Golden Bears : RHP Charles Schneider
Batting: RHB David MacKinney 0-0: Ball
1-0: Fly out, F3 (Popup, 23)
Batting: RHB Leslie Kennedy 0-0: Ball
1-0: SINGLE (Flyball, 78M)
Batting: SHB Gus Rainbolt 0-0: Swinging Strike
0-1: Called Strike
0-2: Strikes out swinging
Batting: RHB Javier Sánchez 0-0: Called Strike
0-1: Foul Ball, location: 2F
0-2: Ball
1-2: Strikes out swinging
Top of the 3rd over - 0 run(s), 1 hit(s), 0 error(s), 1 left on base; Kansas State 0 - California 1
BOTTOM OF THE 3RD
California Golden Bears batting - Pitching for Kansas State Wildcats : LHP Timothy Martin
Batting: LHB Ken Wheeler 0-0: Ball
1-0: Swinging Strike
1-1: Called Strike
1-2: Strikes out looking
Batting: RHB Ray Foster 0-0: Fly out, F8 (Flyball, 8LM)
Batting: LHB Kelsey Scott 0-0: Ball
1-0: Ball
2-0: Called Strike
2-1: Ground out 6-3 (Groundball, 6M)
Bottom of the 3rd over - 0 run(s), 0 hit(s), 0 error(s), 0 left on base; Kansas State 0 - California 1
TOP OF THE 4TH
Kansas State Wildcats batting - Pitching for California Golden Bears : RHP Charles Schneider
Batting: LHB Juan Cuervo 0-0: Ground out 4-3 (Groundball, 4)
Batting: LHB José Rodríguez 0-0: Ball
1-0: Ground out 3-1 (Groundball, 34)
Batting: RHB Bobby Hinkle 0-0: Swinging Strike
0-1: Called Strike
0-2: Ball
1-2: Ball
2-2: Foul Ball, location: 2F
2-2: Foul Ball, location: 2F
2-2: Ball
3-2: Strikes out swinging
Top of the 4th over - 0 run(s), 0 hit(s), 0 error(s), 0 left on base; Kansas State 0 - California 1
BOTTOM OF THE 4TH
California Golden Bears batting - Pitching for Kansas State Wildcats : LHP Timothy Martin
Batting: RHB Robin Dobson 0-0: Called Strike
0-1: Ball
1-1: Foul Ball, location: 2F
1-2: Foul Ball, location: 2F
1-2: Strikes out swinging
Batting: RHB Marv Shepard 0-0: Foul Ball, location: 2F
0-1: Ball
1-1: Foul Ball, location: 2F
1-2: Ball
2-2: Foul Ball, location: 2F
2-2: Ball
3-2: Foul Ball, location: 2F
3-2: Foul Ball, location: 2F
3-2: SOLO HOME RUN (Flyball, 8LXD), Distance : 389 ft
Batting: SHB Darrel Lang 0-0: Ball
1-0: Ground out 5-3 (Groundball, 5L)
Batting: RHB Brandon Martin 0-0: Ball
1-0: Ball
2-0: Called Strike
2-1: Foul Ball, location: 2F
2-2: Fly out, F7 (Line Drive, 78M)
Bottom of the 4th over - 1 run(s), 1 hit(s), 0 error(s), 0 left on base; Kansas State 0 - California 2
TOP OF THE 5TH
Kansas State Wildcats batting - Pitching for California Golden Bears : RHP Charles Schneider
Batting: RHB Salvador Castro 0-0: Ball
1-0: Foul Ball, location: 2F
1-1: Swinging Strike
1-2: Strikes out swinging
Batting: LHB Jim Knight 0-0: SOLO HOME RUN (Flyball, 89XD), Distance : 366 ft
Batting: RHB David MacKinney 0-0: Ball
1-0: Foul Ball, location: 2F
1-1: Called Strike
1-2: Fly out, F4 (Line Drive, 4)
Batting: RHB Leslie Kennedy 0-0: Ball
1-0: Called Strike
1-1: Swinging Strike
1-2: Foul Ball, location: 2F
1-2: Foul Ball, location: 2F
1-2: Strikes out looking
Top of the 5th over - 1 run(s), 1 hit(s), 0 error(s), 0 left on base; Kansas State 1 - California 2
BOTTOM OF THE 5TH
California Golden Bears batting - Pitching for Kansas State Wildcats : LHP Timothy Martin
Batting: LHB Robbie Evison 0-0: Ball
1-0: Ball
2-0: Foul Ball, location: 2F
2-1: Called Strike
2-2: Strikes out looking
Batting: RHB Francis Land 0-0: Ball
1-0: SINGLE (Groundball, 34D)
Batting: LHB Ken Wheeler 0-0: Called Strike
0-1: Ball
1-1: Foul Ball, location: 2F
1-2: Ball
2-2: Ball
3-2: Base on Balls
Francis Land to second
Batting: RHB Ray Foster 0-0: Ball
1-0: Ball
2-0: Ball
3-0: Called Strike
3-1: Base on Balls
Francis Land to third
Ken Wheeler to second
Batting: LHB Kelsey Scott 0-0: Called Strike
0-1: Ball
1-1: Foul Ball, location: 2F
1-2: SINGLE (Line Drive, 89S)
Francis Land scores
Ken Wheeler to third
Ray Foster to second
Batting: RHB Robin Dobson 0-0: SINGLE (Groundball, 3D)
Ken Wheeler scores
Ray Foster to third
Kelsey Scott to second
Runner from 3rd tries for Home, SAFE, throw made home
Batting: RHB Marv Shepard 0-0: Ball
1-0: Swinging Strike
1-1: SINGLE (Line Drive, 3)
Kelsey Scott to third
Robin Dobson to second
Pitching: RHP Jonathan Oglethorpe
Batting: SHB Darrel Lang 0-0: Ball
1-0: Foul Ball, location: 2F
1-1: Foul Ball, location: 2F
1-2: Ball
2-2: Ball
3-2: Base on Balls
Kelsey Scott scores
Robin Dobson to third
Marv Shepard to second
Batting: RHB Brandon Martin 0-0: SINGLE (Flyball, 8LM)
Robin Dobson scores
Marv Shepard to third
Darrel Lang to second
Runner from 3rd tries for Home, SAFE, no throw or cutoff
Batting: LHB Robbie Evison 0-0: Ball
1-0: Fly out, F5 (Popup, 5)
Batting: RHB Francis Land 0-0: Ball
1-0: DOUBLE (Groundball, 5L)
Darrel Lang scores
Brandon Martin to third
Runner from 3rd tries for Home, SAFE, no throw or cutoff
Batting: LHB Ken Wheeler 0-0: Ball
1-0: Called Strike
1-1: Swinging Strike
1-2: Ball
2-2: Strikes out swinging
Bottom of the 5th over - 8 run(s), 6 hit(s), 0 error(s), 1 left on base; Kansas State 1 - California 10
TOP OF THE 6TH
Kansas State Wildcats batting - Pitching for California Golden Bears : RHP Charles Schneider
Batting: SHB Gus Rainbolt 0-0: Fly out, F4 (Line Drive, 4)
Batting: RHB Javier Sánchez 0-0: Ball
1-0: Ball
2-0: Called Strike
2-1: Foul Ball, location: 2F
2-2: DOUBLE (Line Drive, 3D)
Batting: LHB Juan Cuervo 0-0: Ball
1-0: Foul Ball, location: 2F
1-1: Foul Ball, location: 2F
1-2: Ball
2-2: Foul Ball, location: 2F
2-2: Strikes out looking
Batting: LHB José Rodríguez 0-0: Foul Ball, location: 2F
0-1: Ball
1-1: Ball
2-1: Ball
3-1: SINGLE (Line Drive, 89S)
Javier Sánchez to third
Batting: RHB Bobby Hinkle 0-0: Ball
1-0: Called Strike
1-1: Ball
2-1: Foul Ball, location: 2F
2-2: Fly out, F9 (Flyball, 89S)
Top of the 6th over - 0 run(s), 2 hit(s), 0 error(s), 2 left on base; Kansas State 1 - California 10
BOTTOM OF THE 6TH
California Golden Bears batting - Pitching for Kansas State Wildcats : RHP Jonathan Oglethorpe
Batting: RHB Ray Foster 0-0: Ball
1-0: Ball
2-0: Ball
3-0: Called Strike
3-1: DOUBLE (Flyball, 7LM)
Batting: LHB Kelsey Scott 0-0: Called Strike
0-1: Called Strike
0-2: Foul Ball, location: 2F
0-2: SINGLE (Line Drive, 4M)
Ray Foster to third
Batting: RHB Robin Dobson 0-0: Called Strike
0-1: Foul Ball, location: 2F
0-2: Hit by Pitch
Kelsey Scott to second
Batting: RHB Marv Shepard 0-0: Ball
1-0: Called Strike
1-1: Ball
2-1: Foul Ball, location: 2F
2-2: Ball
3-2: Base on Balls
Ray Foster scores
Kelsey Scott to third
Robin Dobson to second
Pitching: LHP Dewitt Blackburn
Batting: SHB Darrel Lang 0-0: Called Strike
0-1: Ball
1-1: DOUBLE (Line Drive, 3D)
Kelsey Scott scores
Robin Dobson scores
Marv Shepard to third
Batting: RHB Brandon Martin 0-0: SINGLE (Line Drive, 6MD)
Marv Shepard scores
Darrel Lang to third
Batting: LHB Robbie Evison 0-0: Called Strike
0-1: Ball
1-1: Ball
2-1: Ball
3-1: Base on Balls
Brandon Martin to second
Batting: RHB Francis Land 0-0: Foul Ball, location: 2F
0-1: Called Strike
0-2: Strikes out swinging
Batting: LHB Ken Wheeler 0-0: Called Strike
0-1: Ground out 5-3 (Groundball, 5S)
Darrel Lang scores
Brandon Martin to third
Robbie Evison to second
Batting: RHB Ray Foster 0-0: Fly out, F2 (Popup, 23F)
Bottom of the 6th over - 5 run(s), 4 hit(s), 0 error(s), 2 left on base; Kansas State 1 - California 15
TOP OF THE 7TH
Kansas State Wildcats batting - Pitching for California Golden Bears : RHP Charles Schneider
Pitching: RHP Charlie Martin
Batting: RHB Salvador Castro 0-0: Fly out, F8 (Flyball, 8LM)
Batting: LHB Jim Knight 0-0: Ball
1-0: Ball
2-0: SINGLE (Groundball, 3L)
Batting: RHB David MacKinney 0-0: Ball
1-0: Called Strike
1-1: Grounds into double play, 6-4-3 (Groundball, 6)
Top of the 7th over - 0 run(s), 1 hit(s), 0 error(s), 0 left on base; Kansas State 1 - California 15
BOTTOM OF THE 7TH
California Golden Bears batting - Pitching for Kansas State Wildcats : LHP Dewitt Blackburn
Batting: LHB Kelsey Scott 0-0: Called Strike
0-1: Ground out 4-3 (Groundball, 34)
Batting: RHB Robin Dobson 0-0: Ball
1-0: Ball
2-0: Swinging Strike
2-1: Swinging Strike
2-2: Foul Ball, location: 2F
2-2: Foul Ball, location: 2F
2-2: Strikes out looking
Batting: RHB Marv Shepard 0-0: Called Strike
0-1: Ball
1-1: Swinging Strike
1-2: Ball
2-2: Foul Ball, location: 2F
2-2: Foul Ball, location: 2F
2-2: Ball
3-2: Ground out 4-3 (Groundball, 4M)
Bottom of the 7th over - 0 run(s), 0 hit(s), 0 error(s), 0 left on base; Kansas State 1 - California 15
TOP OF THE 8TH
Kansas State Wildcats batting - Pitching for California Golden Bears : RHP Charlie Martin
Batting: RHB Leslie Kennedy 0-0: Called Strike
0-1: Called Strike
0-2: Ball
1-2: Ground out 5-3 (Groundball, 56)
Batting: SHB Gus Rainbolt 0-0: Ball
1-0: Called Strike
1-1: Ball
2-1: Called Strike
2-2: Foul Ball, location: 2F
2-2: Fly out, F7 (Flyball, 78S)
Batting: RHB Javier Sánchez 0-0: Ground out 5-3 (Groundball, 5S)
Top of the 8th over - 0 run(s), 0 hit(s), 0 error(s), 0 left on base; Kansas State 1 - California 15
BOTTOM OF THE 8TH
California Golden Bears batting - Pitching for Kansas State Wildcats : LHP Dewitt Blackburn
Pitching: RHP Micah Manning
Batting: SHB Darrel Lang 0-0: Called Strike
0-1: Swinging Strike
0-2: Ball
1-2: Ball
2-2: Foul Ball, location: 2F
2-2: SOLO HOME RUN (Flyball, 9D), Distance : 355 ft
Batting: RHB Brandon Martin 0-0: Ball
1-0: Ground out 2-3 (Groundball, 25)
Batting: LHB Robbie Evison 0-0: Called Strike
0-1: Ball
1-1: SINGLE (Line Drive, 34D)
Batting: RHB Francis Land 0-0: DOUBLE (Line Drive, 7LS)
Robbie Evison to third
Batting: LHB Ken Wheeler 0-0: Foul Ball, location: 2F
0-1: Ball
1-1: Ball
2-1: Ball
3-1: Foul Ball, location: 2F
3-2: Foul Ball, location: 2F
3-2: Strikes out swinging
Batting: RHB Ray Foster 0-0: Ball
1-0: Ball
2-0: Ball
3-0: Called Strike
3-1: Swinging Strike
3-2: Base on Balls
Batting: LHB Kelsey Scott 0-0: Ball
1-0: Ball
2-0: Ground out U3 (Groundball, 3S)
Bottom of the 8th over - 1 run(s), 3 hit(s), 0 error(s), 3 left on base; Kansas State 1 - California 16
TOP OF THE 9TH
Kansas State Wildcats batting - Pitching for California Golden Bears : RHP Charlie Martin
Batting: LHB Juan Cuervo 0-0: Swinging Strike
0-1: Foul Ball, location: 2F
0-2: Strikes out looking
Batting: LHB José Rodríguez 0-0: Called Strike
0-1: Ball
1-1: Called Strike
1-2: Foul Ball, location: 2F
1-2: Ball
2-2: Ball
3-2: Strikes out looking
Batting: RHB Bobby Hinkle 0-0: Ball
1-0: Ball
2-0: Ball
3-0: Called Strike
3-1: Base on Balls
Batting: RHB Salvador Castro 0-0: Ball
1-0: Ball
2-0: Foul Ball, location: 2F
2-1: Foul Ball, location: 2F
2-2: Ball
3-2: Ground out 6-3 (Groundball, 6)
Top of the 9th over - 0 run(s), 0 hit(s), 0 error(s), 1 left on base; Kansas State 1 - California 16
This league is powered by Out of the Park Baseball, the baseball management simulation game for PC, Mac and Linux
Tuesday, August 2nd, 2016 - OOTP Baseball 16.8 Build 38